Kings vs Capitals
Created - 1 avril 2014 at 22:43
Goals
|
| Kings |
2 |
0 |
1 |
3 |
| Capitals |
1 |
2 |
1 |
4 |
|
Shots
|
| Kings |
11 |
5 |
5 |
21 |
| Capitals |
14 |
15 |
8 |
37 |
|
1st period
1. Kings , Pascal Dupuis 7 (Jay Bouwmeester, Mike Cammalleri) at 8:13
2. Capitals , Zach Parise 26 (Marian Hossa, Evgeni Malkin) at 13:45
3. Kings , Pascal Dupuis 8 (Randy Robitaille, Sean Zimmerman) at 18:40
Penalties :
Niklas Backstrom (Was) for Delaying the game (Minor) at 2:51 - Marian Hossa served the penalty
2nd period
4. Capitals , Evgeni Malkin 38 (Marian Hossa) at 13:03
5. Capitals , Peter Regin 10 (Thomas Vanek) at 17:50
Penalties :
Adrian Aucoin (LAK) for Charging (Minor) at 1:36, Ed Jovanovski (Was) for Hooking (Minor) at 5:05, Anze Kopitar (LAK) for Holding (Minor) at 15:06, Marian Hossa (Was) for Slashing (Minor) at 18:16
3rd period
6. Capitals , Evgeni Malkin 39 (Lasse Kukkonen, Marian Hossa) at 9:28
7. Kings , Patrick Kane 44 (Jay Bouwmeester, Anze Kopitar) at 17:37 (PP)
Penalties :
Bryce Salvador (Was) for Tripping (Minor) at 0:38, Anton Volchenkov (Was) for High sticking (Minor) at 9:50, Zach Parise (Was) for High sticking (Minor) at 17:23, Matt Pettinger (LAK) for Slashing (Minor) at 18:10
Goalie Stats
Michal Neuvirth (LAK), 33 saves from 37 shots - (0,892), L, 18-20-3, 60:00 minutes
Niklas Backstrom (Was), 18 saves from 21 shots - (0,857), W, 16-21-3, 60:00 minutes
Players Stats for Kings
Player Name G A P +/- PIM S H SB GA TA FO MP PP MP PK MP
------------------------------------------------------------------------------------
Adrian Aucoin 0 0 0 -3 2 0 0 1 0 0 0/0 21:39 4:01 0:00
Antti Miettinen 0 0 0 -1 0 1 0 0 0 0 0/1 13:20 4:17 0:00
Anze Kopitar 0 1 1 -1 2 4 0 1 1 2 12/26 21:13 5:48 1:05
Boyd Devereaux 0 0 0 -2 0 1 1 0 0 0 7/19 15:34 0:00 2:55
Derek Boogaard 0 0 0 -1 0 0 0 0 1 0 0/1 20:17 4:17 1:34
Jay Bouwmeester 0 2 2 -2 0 3 0 0 0 1 0/0 27:13 6:08 2:12
Jeff Tambellini 0 0 0 2 0 0 0 1 0 0 0/0 7:58 0:00 0:00
Johnny Oduya 0 0 0 1 0 1 1 1 0 0 0/0 21:08 3:37 3:35
Keith Tkachuk 0 0 0 -2 0 0 3 0 0 1 0/0 14:12 0:04 1:18
Ladislav Smid 0 0 0 0 0 0 1 1 0 0 0/0 14:07 0:00 2:12
Matt Pettinger 0 0 0 -1 2 1 1 0 1 0 0/1 10:45 0:00 0:00
Mike Cammalleri 0 1 1 -1 0 2 0 1 0 0 3/5 15:33 5:40 0:29
Pascal Dupuis 2 0 2 2 0 2 2 0 0 0 0/0 11:12 0:16 2:55
Patric Hornqvist 0 0 0 -2 0 1 0 0 0 0 0/1 14:50 4:17 0:00
Patrick Kane 1 0 1 -1 0 1 2 0 0 0 1/1 19:50 5:48 0:00
Randy Robitaille 0 1 1 2 0 1 1 0 0 0 0/3 9:08 0:00 1:18
Sean Zimmerman 0 1 1 0 0 1 0 5 0 0 0/0 17:08 0:24 3:35
Sergei Gonchar 0 0 0 0 0 2 1 0 0 0 0/0 19:03 6:08 0:00
Players Stats for Capitals
Player Name G A P +/- PIM S H SB GA TA FO MP PP MP PK MP
------------------------------------------------------------------------------------
Adam Hall 0 0 0 0 0 0 0 0 0 0 0/0 6:44 0:04 0:00
Ales Hemsky 0 0 0 1 0 1 1 1 0 0 0/0 11:01 0:00 0:00
Anton Volchenkov 0 0 0 2 2 2 2 1 1 0 0/0 27:46 3:57 4:52
Bobby Ryan 0 0 0 -1 0 2 1 0 1 0 0/1 14:46 2:47 0:00
Brooks Laich 0 0 0 -1 0 3 3 0 0 0 4/7 16:04 2:47 1:18
Bryce Salvador 0 0 0 0 2 0 2 3 0 0 0/0 19:27 1:50 3:25
Chris Kunitz 0 0 0 0 0 2 1 0 0 0 0/0 8:43 0:00 2:03
Ed Jovanovski 0 0 0 0 2 0 1 2 0 0 0/0 19:07 1:50 3:22
Evgeni Malkin 2 1 3 2 0 6 1 0 0 1 20/29 22:35 2:56 5:31
Jay Harrison 0 0 0 0 0 0 0 0 0 0 0/0 12:00 0:00 0:10
Lasse Kukkonen 0 1 1 2 0 3 3 1 0 1 0/0 27:47 3:57 5:42
Marian Hossa 0 3 3 2 2 3 3 0 1 0 1/5 20:23 2:56 3:20
Nicklas Backstrom 0 0 0 0 0 3 1 0 1 0 5/8 9:41 0:00 2:56
Peter Regin 1 0 1 1 0 2 2 0 0 0 4/7 11:27 0:04 0:06
Ryan Suter 0 0 0 0 0 2 0 1 0 0 0/0 14:06 0:00 2:47
Steve Sullivan 0 0 0 -1 0 2 2 1 0 1 1/1 17:21 2:47 2:35
Thomas Vanek 0 1 1 1 0 2 2 0 0 0 0/0 11:21 0:04 0:00
Zach Parise 1 0 1 2 2 4 0 0 0 0 0/0 19:27 2:56 2:29
3 Stars
1 - Evgeni Malkin (Was)
2 - Pascal Dupuis (LAK)
3 - Marian Hossa (Was)
Power Play
Kings - 1 on 6 Attempt(s) - 16,67%
Capitals - 0 on 3 Attempt(s) - 0,00%
Penalty Kill
Kings - 3 on 3 Attempt(s) - 100,00%
- Score 0 goal in Penalty Kill
Capitals - 5 on 6 Attempt(s) - 83,33%
- Score 0 goal in Penalty Kill
Official
Referees : Kowal Tom and Furlatt Eric
Linesman : Pierre Champoux and Jay Sharrers
Game Notes
No Game Note
Finance
Level 1 -- Attendance: 5800 (96,67%) -- Ticket Income 446 600 $
Level 2 -- Attendance: 5000 (100,00%) -- Ticket Income 210 000 $
Level 3 -- Attendance: 1845 (92,25%) -- Ticket Income 49 815 $
Level 4 -- Attendance: 4000 (100,00%) -- Ticket Income 64 000 $
Luxury Box -- Attendance: 870 (87,00%) -- Ticket Income 141 810 $
Game was played at the Verizon Center
Total Attendance: 17515 (97,31%)
Total Ticket Income: 912 225 $
Other Income: 136 834 $
Total Income: 1 049 059 $
Kings
5 vs 5 Forward
Center Left Wing Right Wing Time % Phy DF OF
1 Anze Kopitar Derek Boogaard Patrick Kane 40 1 2 2
2 Boyd Devereaux Keith Tkachuk Patric Hornqvist 30 1 2 2
3 Mike Cammalleri Matt Pettinger Antti Miettinen 20 1 2 2
4 Randy Robitaille Jeff Tambellini Pascal Dupuis 10 1 2 2
5 vs 5 Defense
Defense Defense Time % Phy DF OF
1 Adrian Aucoin Jay Bouwmeester 40 1 2 2
2 Sergei Gonchar Sean Zimmerman 30 1 2 2
3 Johnny Oduya Ladislav Smid 20 1 2 2
4 Johnny Oduya Jay Bouwmeester 10 1 2 2
PowerPlay Forward
Center Left Wing Right Wing Time % Phy DF OF
1 Anze Kopitar Mike Cammalleri Patrick Kane 60 1 2 2
2 Antti Miettinen Derek Boogaard Patric Hornqvist 40 1 2 2
PowerPlay Defense
Defense Defense Time % Phy DF OF
1 Sergei Gonchar Jay Bouwmeester 60 1 2 2
2 Johnny Oduya Adrian Aucoin 40 1 2 2
Penalty Kill 4 Players Forward
Center Wing Time % Phy DF OF
1 Boyd Devereaux Pascal Dupuis 60 1 2 2
2 Randy Robitaille Keith Tkachuk 40 1 2 2
Penalty Kill 4 Players Defense
Defense Defense Time % Phy DF OF
1 Johnny Oduya Sean Zimmerman 60 1 2 2
2 Ladislav Smid Jay Bouwmeester 40 1 2 2
Penalty Kill - 3 Players Forward
Forward Time % Phy DF OF
1 Boyd Devereaux 60 1 2 2
2 Anze Kopitar 40 1 2 2
Penalty Kill - 3 Players Defense
Defense Defense Time % Phy DF OF
1 Johnny Oduya Jay Bouwmeester 60 1 2 2
2 Ladislav Smid Sean Zimmerman 40 1 2 2
4 vs 4 Forward
Center Wing Time % Phy DF OF
1 Anze Kopitar Patrick Kane 60 1 2 2
2 Keith Tkachuk Mike Cammalleri 40 1 2 2
4 vs 4 Defense
Defense Defense Time % Phy DF OF
1 Jay Bouwmeester Adrian Aucoin 60 1 2 2
2 Sergei Gonchar Johnny Oduya 40 1 2 2
Last Minutes Offensive
Center Left Wing Right Wing Defense Defense
Anze Kopitar Derek Boogaard Patrick Kane Sergei Gonchar Jay Bouwmeester
Last Minutes Defensive
Center Left Wing Right Wing Defense Defense
Boyd Devereaux Derek Boogaard Antti Miettinen Johnny Oduya Jay Bouwmeester
Goaltenders
Starting : Michal Neuvirth
Backup : Tyler Weiman
Extra Forwards
Normal : Mike Cammalleri, Antti Miettinen, Matt Pettinger - PP : Pascal Dupuis, Keith Tkachuk - PK : Anze Kopitar
Extra Defensemen
Normal : Johnny Oduya, Sergei Gonchar, Sean Zimmerman - PP : Sean Zimmerman - PK : Sergei Gonchar, Adrian Aucoin
Penalty Shots
Anze Kopitar, Mike Cammalleri, Patrick Kane, Jay Bouwmeester, Patric Hornqvist
Capitals
5 vs 5 Forward
Center Left Wing Right Wing Time % Phy DF OF
1 Evgeni Malkin Zach Parise Marian Hossa 40 1 2 2
2 Brooks Laich Steve Sullivan Bobby Ryan 30 1 2 2
3 Peter Regin Thomas Vanek Ales Hemsky 20 1 2 2
4 Nicklas Backstrom Chris Kunitz Adam Hall 10 1 2 2
5 vs 5 Defense
Defense Defense Time % Phy DF OF
1 Anton Volchenkov Lasse Kukkonen 40 1 2 2
2 Bryce Salvador Ed Jovanovski 30 1 2 2
3 Jay Harrison Ryan Suter 20 1 2 2
4 Anton Volchenkov Lasse Kukkonen 10 1 2 2
PowerPlay Forward
Center Left Wing Right Wing Time % Phy DF OF
1 Evgeni Malkin Zach Parise Marian Hossa 60 1 2 2
2 Brooks Laich Steve Sullivan Bobby Ryan 40 1 2 2
PowerPlay Defense
Defense Defense Time % Phy DF OF
1 Anton Volchenkov Lasse Kukkonen 60 1 2 2
2 Bryce Salvador Ed Jovanovski 40 1 2 2
Penalty Kill 4 Players Forward
Center Wing Time % Phy DF OF
1 Marian Hossa Evgeni Malkin 60 1 2 2
2 Zach Parise Steve Sullivan 40 1 2 2
Penalty Kill 4 Players Defense
Defense Defense Time % Phy DF OF
1 Anton Volchenkov Lasse Kukkonen 60 1 2 2
2 Bryce Salvador Ed Jovanovski 40 1 2 2
Penalty Kill - 3 Players Forward
Forward Time % Phy DF OF
1 Marian Hossa 60 1 2 2
2 Evgeni Malkin 40 1 2 2
Penalty Kill - 3 Players Defense
Defense Defense Time % Phy DF OF
1 Anton Volchenkov Lasse Kukkonen 60 1 2 2
2 Bryce Salvador Ed Jovanovski 40 1 2 2
4 vs 4 Forward
Center Wing Time % Phy DF OF
1 Marian Hossa Evgeni Malkin 60 1 2 2
2 Zach Parise Steve Sullivan 40 1 2 2
4 vs 4 Defense
Defense Defense Time % Phy DF OF
1 Anton Volchenkov Lasse Kukkonen 60 1 2 2
2 Bryce Salvador Ed Jovanovski 40 1 2 2
Last Minutes Offensive
Center Left Wing Right Wing Defense Defense
Evgeni Malkin Zach Parise Marian Hossa Anton Volchenkov Lasse Kukkonen
Last Minutes Defensive
Center Left Wing Right Wing Defense Defense
Evgeni Malkin Zach Parise Marian Hossa Anton Volchenkov Lasse Kukkonen
Goaltenders
Starting : Niklas Backstrom
Backup : Nikolai Khabibulin
Extra Forwards
Normal : Thomas Vanek, Peter Regin, Nicklas Backstrom - PP : Thomas Vanek, Peter Regin - PK : Nicklas Backstrom
Extra Defensemen
Normal : Jay Harrison, Ryan Suter, Bryce Salvador - PP : Jay Harrison - PK : Ryan Suter, Bryce Salvador
Penalty Shots
Marian Hossa, Evgeni Malkin, Zach Parise, Steve Sullivan, Thomas Vanek
% Time on Ice - Kings
Lines # - Real PCT - Wanted PCT - Time Play
Normal Forward
1 - 33% - 40% - 14:32
2 - 29% - 30% - 12:43
3 - 20% - 20% - 8:59
4 - 18% - 10% - 7:50
Normal Defense
1 - 41% - 40% - 17:59
2 - 30% - 30% - 13:07
3 - 26% - 20% - 11:39
4 - 3% - 10% - 1:19
PP Forward
1 - 58% - 60% - 5:52
2 - 42% - 40% - 4:17
PP Defense
1 - 60% - 60% - 6:08
2 - 40% - 40% - 4:01
PK Forward
1 - 78% - 60% - 4:29
2 - 22% - 40% - 1:18
PK Defense
1 - 62% - 60% - 3:35
2 - 38% - 40% - 2:12
PK3 Forward
1 - 0% - 60%
2 - 0% - 40%
PK3 Defense
1 - 0% - 60%
2 - 0% - 40%
44 Forward
1 - 0% - 60%
2 - 0% - 40%
44 Defense
1 - 0% - 60%
2 - 0% - 40%
Last Minute Offensive - 0:00
Last Minute Defensive - 0:00
Total
Forward - 60:00
Defense - 60:00
|
% Time on Ice - Capitals
Lines # - Real PCT - Wanted PCT - Time Play
Normal Forward
1 - 33% - 40% - 14:40
2 - 27% - 30% - 11:59
3 - 25% - 20% - 11:01
4 - 15% - 10% - 6:24
Normal Defense
1 - 40% - 40% - 17:26
2 - 32% - 30% - 14:13
3 - 26% - 20% - 11:19
4 - 2% - 10% - 1:06
PP Forward
1 - 52% - 60% - 3:00
2 - 48% - 40% - 2:47
PP Defense
1 - 68% - 60% - 3:57
2 - 32% - 40% - 1:50
PK Forward
1 - 76% - 60% - 7:40
2 - 24% - 40% - 2:29
PK Defense
1 - 56% - 60% - 5:42
2 - 44% - 40% - 4:27
PK3 Forward
1 - 0% - 60%
2 - 0% - 40%
PK3 Defense
1 - 0% - 60%
2 - 0% - 40%
44 Forward
1 - 0% - 60%
2 - 0% - 40%
44 Defense
1 - 0% - 60%
2 - 0% - 40%
Last Minute Offensive - 0:00
Last Minute Defensive - 0:00
Total
Forward - 60:00
Defense - 60:00
|
Play by Play
1st period
0:01 of 1st period - Anze Kopitar wins face-off versus Evgeni Malkin in neutral zone.
0:52 of 1st period - Snap shot by Thomas Vanek.
0:52 of 1st period - Shot Misses the Net.
0:54 of 1st period - Slapshot by Thomas Vanek.
0:54 of 1st period - Shot Misses the Net.
0:56 of 1st period - Slapshot by Lasse Kukkonen.
0:56 of 1st period - Stopped by Michal Neuvirth without a rebound.
0:57 of 1st period - Nicklas Backstrom wins face-off versus Randy Robitaille in Kings zone.
1:24 of 1st period - Bryce Salvador is hit by Keith Tkachuk.
1:30 of 1st period - Wrist shot by Evgeni Malkin.
1:30 of 1st period - Stopped by Michal Neuvirth with a rebound.
1:36 of 1st period - Snap shot by Marian Hossa.
1:36 of 1st period - Shot Blocked by Ladislav Smid.
2:49 of 1st period - Slapshot by Patrick Kane.
2:49 of 1st period - Shot Misses the Net.
2:51 of 1st period - Wrist shot by Sergei Gonchar.
2:51 of 1st period - Stopped by Niklas Backstrom without a rebound.
2:51 of 1st period - Minor Penalty to Niklas Backstrom for Delaying the game.
2:52 of 1st period - Anze Kopitar wins face-off versus Nicklas Backstrom in Capitals zone.
3:07 of 1st period - Sergei Gonchar is hit by Lasse Kukkonen and loses puck.
4:09 of 1st period - Anton Volchenkov is hit by Patrick Kane and loses puck.
4:51 of 1st period - Penalty to Marian Hossa is over, Marian Hossa is back on ice.
5:44 of 1st period - Chris Kunitz is hit by Keith Tkachuk and loses puck.
6:18 of 1st period - Wrist shot by Marian Hossa.
6:18 of 1st period - Stopped by Michal Neuvirth with a rebound.
6:40 of 1st period - Snap shot by Peter Regin.
6:40 of 1st period - Shot Misses the Net.
7:32 of 1st period - Patrick Kane is hit by Evgeni Malkin and loses puck.
8:07 of 1st period - Snap shot by Pascal Dupuis.
8:07 of 1st period - Shot Blocked by Bryce Salvador.
8:09 of 1st period - Slapshot by Jay Bouwmeester.
8:09 of 1st period - Stopped by Niklas Backstrom with a rebound.
8:11 of 1st period - Slapshot by Pascal Dupuis.
8:11 of 1st period - Shot Blocked by Ed Jovanovski.
8:13 of 1st period - Wrist shot by Pascal Dupuis.
8:13 of 1st period - Goal by Pascal Dupuis - Kings : 1 - Capitals : 0.
8:14 of 1st period - Evgeni Malkin wins face-off versus Anze Kopitar in neutral zone.
9:04 of 1st period - Icing by Brooks Laich.
9:05 of 1st period - Boyd Devereaux wins face-off versus Brooks Laich in Capitals zone.
9:36 of 1st period - Wrist shot by Steve Sullivan.
9:36 of 1st period - Stopped by Michal Neuvirth with a rebound.
9:38 of 1st period - Snap shot by Brooks Laich.
9:38 of 1st period - Stopped by Michal Neuvirth without a rebound.
9:39 of 1st period - Evgeni Malkin wins face-off versus Anze Kopitar in Kings zone.
9:42 of 1st period - Slapshot by Evgeni Malkin.
9:42 of 1st period - Stopped by Michal Neuvirth with a rebound.
10:11 of 1st period - Snap shot by Pascal Dupuis.
10:11 of 1st period - Shot Misses the Net.
10:23 of 1st period - Snap shot by Zach Parise.
10:23 of 1st period - Shot Misses the Net.
10:25 of 1st period - Slapshot by Anton Volchenkov.
10:25 of 1st period - Shot Blocked by Jeff Tambellini.
10:40 of 1st period - Off-side.
10:41 of 1st period - Boyd Devereaux wins face-off versus Bobby Ryan in neutral zone.
10:48 of 1st period - Slapshot by Jay Bouwmeester.
10:48 of 1st period - Shot Blocked by Bryce Salvador.
10:50 of 1st period - Snap shot by Jay Bouwmeester.
10:50 of 1st period - Shot Blocked by Ed Jovanovski.
10:52 of 1st period - Slapshot by Jay Bouwmeester.
10:52 of 1st period - Shot Misses the Net.
10:56 of 1st period - Slapshot by Adrian Aucoin.
10:56 of 1st period - Shot Misses the Net.
11:47 of 1st period - Bobby Ryan is hit by Pascal Dupuis.
12:04 of 1st period - Patric Hornqvist is hit by Ales Hemsky and loses puck.
12:11 of 1st period - Slapshot by Sean Zimmerman.
12:11 of 1st period - Shot Blocked by Bryce Salvador.
12:39 of 1st period - Wrist shot by Mike Cammalleri.
12:39 of 1st period - Stopped by Niklas Backstrom with a rebound.
12:49 of 1st period - Randy Robitaille is hit by Brooks Laich and loses puck.
12:56 of 1st period - Snap shot by Steve Sullivan.
12:56 of 1st period - Shot Misses the Net.
12:58 of 1st period - Snap shot by Brooks Laich.
12:58 of 1st period - Shot Blocked by Adrian Aucoin.
13:00 of 1st period - Wrist shot by Steve Sullivan.
13:00 of 1st period - Stopped by Michal Neuvirth with a rebound.
13:16 of 1st period - Snap shot by Patrick Kane.
13:16 of 1st period - Shot Misses the Net.
13:19 of 1st period - Icing by Jay Harrison.
13:20 of 1st period - Peter Regin wins face-off versus Anze Kopitar in Capitals zone.
13:35 of 1st period - Wrist shot by Thomas Vanek.
13:35 of 1st period - Stopped by Michal Neuvirth without a rebound.
13:36 of 1st period - Evgeni Malkin wins face-off versus Boyd Devereaux in Kings zone.
13:41 of 1st period - Wrist shot by Marian Hossa.
13:41 of 1st period - Shot Hit the Post.
13:43 of 1st period - Wrist shot by Zach Parise.
13:43 of 1st period - Shot Misses the Net.
13:45 of 1st period - Wrist shot by Zach Parise.
13:45 of 1st period - Goal by Zach Parise - Kings : 1 - Capitals : 1.
13:46 of 1st period - Evgeni Malkin wins face-off versus Anze Kopitar in neutral zone.
13:55 of 1st period - Snap shot by Anze Kopitar.
13:55 of 1st period - Stopped by Niklas Backstrom without a rebound.
13:56 of 1st period - Evgeni Malkin wins face-off versus Derek Boogaard in Capitals zone.
14:17 of 1st period - Wrist shot by Zach Parise.
14:17 of 1st period - Stopped by Michal Neuvirth with a rebound.
14:47 of 1st period - Backhand shot by Anze Kopitar.
14:47 of 1st period - Stopped by Niklas Backstrom with a rebound.
14:49 of 1st period - Slapshot by Jay Bouwmeester.
14:49 of 1st period - Stopped by Niklas Backstrom without a rebound.
14:50 of 1st period - Brooks Laich wins face-off versus Boyd Devereaux in Capitals zone.
15:04 of 1st period - Snap shot by Boyd Devereaux.
15:04 of 1st period - Shot Misses the Net.
15:23 of 1st period - Snap shot by Matt Pettinger.
15:23 of 1st period - Stopped by Niklas Backstrom without a rebound.
15:24 of 1st period - Nicklas Backstrom wins face-off versus Matt Pettinger in Capitals zone.
15:35 of 1st period - Backhand shot by Nicklas Backstrom.
15:35 of 1st period - Shot Misses the Net.
15:38 of 1st period - Icing by Ladislav Smid.
15:39 of 1st period - Evgeni Malkin wins face-off versus Mike Cammalleri in Kings zone.
15:40 of 1st period - Snap shot by Zach Parise.
15:40 of 1st period - Stopped by Michal Neuvirth with a rebound.
16:09 of 1st period - Wrist shot by Mike Cammalleri.
16:09 of 1st period - Deflect By Antti Miettinen.
16:09 of 1st period - Shot Blocked by Ales Hemsky.
16:09 of 1st period - Puck is out of play.
16:10 of 1st period - Anze Kopitar wins face-off versus Peter Regin in Capitals zone.
16:19 of 1st period - Jay Bouwmeester is hit by Ed Jovanovski and loses puck.
16:54 of 1st period - Snap shot by Peter Regin.
16:54 of 1st period - Stopped by Michal Neuvirth with a rebound.
17:01 of 1st period - Off-side.
17:02 of 1st period - Evgeni Malkin wins face-off versus Boyd Devereaux in neutral zone.
17:04 of 1st period - Off-side.
17:05 of 1st period - Evgeni Malkin wins face-off versus Boyd Devereaux in neutral zone.
17:14 of 1st period - Slapshot by Evgeni Malkin.
17:14 of 1st period - Shot Blocked by Sean Zimmerman.
17:16 of 1st period - Wrist shot by Zach Parise.
17:16 of 1st period - Stopped by Michal Neuvirth with a rebound.
17:38 of 1st period - Wrist shot by Bobby Ryan.
17:38 of 1st period - Shot Blocked by Sean Zimmerman.
17:40 of 1st period - Wrist shot by Brooks Laich.
17:40 of 1st period - Stopped by Michal Neuvirth with a rebound.
17:50 of 1st period - Wrist shot by Nicklas Backstrom.
17:50 of 1st period - Shot Misses the Net.
18:30 of 1st period - Slapshot by Sergei Gonchar.
18:30 of 1st period - Stopped by Niklas Backstrom with a rebound.
18:32 of 1st period - Slapshot by Sergei Gonchar.
18:32 of 1st period - Shot Misses the Net.
18:34 of 1st period - Snap shot by Sean Zimmerman.
18:34 of 1st period - Shot Blocked by Ryan Suter.
18:36 of 1st period - Snap shot by Randy Robitaille.
18:36 of 1st period - Stopped by Niklas Backstrom with a rebound.
18:40 of 1st period - Snap shot by Pascal Dupuis.
18:40 of 1st period - Goal by Pascal Dupuis - Kings : 2 - Capitals : 1.
18:41 of 1st period - Evgeni Malkin wins face-off versus Anze Kopitar in neutral zone.
18:44 of 1st period - Adrian Aucoin is hit by Lasse Kukkonen and loses puck.
18:55 of 1st period - Off-side.
18:56 of 1st period - Brooks Laich wins face-off versus Patric Hornqvist in neutral zone.
19:37 of 1st period - Steve Sullivan is hit by Matt Pettinger and loses puck.
Goals for this period are 2 for Kings vs 1 for Capitals.
Shots for this period are 11 for Kings vs 14 for Capitals.
2nd period
0:01 of 2nd period - Anze Kopitar wins face-off versus Evgeni Malkin in neutral zone.
0:08 of 2nd period - Slapshot by Adrian Aucoin.
0:08 of 2nd period - Shot Blocked by Anton Volchenkov.
0:10 of 2nd period - Wrist shot by Anze Kopitar.
0:10 of 2nd period - Shot Misses the Net.
0:12 of 2nd period - Slapshot by Jay Bouwmeester.
0:12 of 2nd period - Stopped by Niklas Backstrom with a rebound.
0:26 of 2nd period - Boyd Devereaux is hit by Steve Sullivan and loses puck.
0:33 of 2nd period - Snap shot by Bobby Ryan.
0:33 of 2nd period - Stopped by Michal Neuvirth without a rebound.
0:34 of 2nd period - Steve Sullivan wins face-off versus Boyd Devereaux in Kings zone.
0:39 of 2nd period - Snap shot by Bobby Ryan.
0:39 of 2nd period - Stopped by Michal Neuvirth without a rebound.
0:40 of 2nd period - Boyd Devereaux wins face-off versus Brooks Laich in Kings zone.
1:14 of 2nd period - Snap shot by Patric Hornqvist.
1:14 of 2nd period - Stopped by Niklas Backstrom without a rebound.
1:15 of 2nd period - Patrick Kane wins face-off versus Evgeni Malkin in Capitals zone.
1:26 of 2nd period - Snap shot by Marian Hossa.
1:26 of 2nd period - Shot Misses the Net.
1:28 of 2nd period - Wrist shot by Lasse Kukkonen.
1:28 of 2nd period - Stopped by Michal Neuvirth with a rebound.
1:30 of 2nd period - Slapshot by Evgeni Malkin.
1:30 of 2nd period - Shot Blocked by Anze Kopitar.
1:36 of 2nd period - Minor Penalty to Adrian Aucoin for Charging.
1:37 of 2nd period - Evgeni Malkin wins face-off versus Boyd Devereaux in Kings zone.
2:27 of 2nd period - Lasse Kukkonen is hit by Boyd Devereaux and loses puck.
2:46 of 2nd period - Backhand shot by Jay Bouwmeester.
2:46 of 2nd period - Shot Misses the Net.
2:58 of 2nd period - Snap shot by Derek Boogaard.
2:58 of 2nd period - Shot Misses the Net.
3:36 of 2nd period - Penalty to Adrian Aucoin is over, Adrian Aucoin is back on ice.
5:05 of 2nd period - Minor Penalty to Ed Jovanovski for Hooking.
5:06 of 2nd period - Anze Kopitar wins face-off versus Marian Hossa in Capitals zone.
5:19 of 2nd period - Backhand shot by Anze Kopitar.
5:19 of 2nd period - Shot Misses the Net.
5:21 of 2nd period - Snap shot by Anze Kopitar.
5:21 of 2nd period - Stopped by Niklas Backstrom without a rebound.
5:22 of 2nd period - Anze Kopitar wins face-off versus Marian Hossa in Capitals zone.
5:56 of 2nd period - Snap shot by Patric Hornqvist.
5:56 of 2nd period - Shot Blocked by Steve Sullivan.
6:28 of 2nd period - Wrist shot by Zach Parise.
6:28 of 2nd period - Shot Blocked by Mike Cammalleri.
7:05 of 2nd period - Penalty to Ed Jovanovski is over, Ed Jovanovski is back on ice.
7:26 of 2nd period - Snap shot by Thomas Vanek.
7:26 of 2nd period - Shot Misses the Net.
7:28 of 2nd period - Slapshot by Anton Volchenkov.
7:28 of 2nd period - Shot Hit the Post.
7:30 of 2nd period - Snap shot by Anton Volchenkov.
7:30 of 2nd period - Stopped by Michal Neuvirth without a rebound.
7:31 of 2nd period - Nicklas Backstrom wins face-off versus Boyd Devereaux in Kings zone.
7:34 of 2nd period - Wrist shot by Chris Kunitz.
7:34 of 2nd period - Stopped by Michal Neuvirth without a rebound.
7:35 of 2nd period - Nicklas Backstrom wins face-off versus Boyd Devereaux in Kings zone.
7:36 of 2nd period - Wrist shot by Chris Kunitz.
7:36 of 2nd period - Stopped by Michal Neuvirth with a rebound.
7:38 of 2nd period - Slapshot by Ryan Suter.
7:38 of 2nd period - Shot Misses the Net.
7:40 of 2nd period - Wrist shot by Nicklas Backstrom.
7:40 of 2nd period - Stopped by Michal Neuvirth without a rebound.
7:41 of 2nd period - Boyd Devereaux wins face-off versus Nicklas Backstrom in Kings zone.
7:58 of 2nd period - Slapshot by Nicklas Backstrom.
7:58 of 2nd period - Shot Misses the Net.
8:00 of 2nd period - Slapshot by Ryan Suter.
8:00 of 2nd period - Stopped by Michal Neuvirth with a rebound.
8:02 of 2nd period - Wrist shot by Chris Kunitz.
8:02 of 2nd period - Shot Misses the Net.
8:15 of 2nd period - Icing by Johnny Oduya.
8:16 of 2nd period - Boyd Devereaux wins face-off versus Evgeni Malkin in Kings zone.
8:16 of 2nd period - Boyd Devereaux is hit by Marian Hossa.
9:12 of 2nd period - Wrist shot by Anze Kopitar.
9:12 of 2nd period - Stopped by Niklas Backstrom with a rebound.
9:48 of 2nd period - Pascal Dupuis is hit by Nicklas Backstrom and loses puck.
9:57 of 2nd period - Wrist shot by Nicklas Backstrom.
9:57 of 2nd period - Stopped by Michal Neuvirth with a rebound.
9:59 of 2nd period - Snap shot by Chris Kunitz.
9:59 of 2nd period - Deflect By Nicklas Backstrom.
9:59 of 2nd period - Stopped by Michal Neuvirth with a rebound.
10:34 of 2nd period - Patrick Kane is hit by Marian Hossa and loses puck.
11:02 of 2nd period - Pascal Dupuis is hit by Anton Volchenkov and loses puck.
11:21 of 2nd period - Matt Pettinger is hit by Bryce Salvador and loses puck.
11:36 of 2nd period - Snap shot by Nicklas Backstrom.
11:36 of 2nd period - Deflect By Thomas Vanek.
11:36 of 2nd period - Shot Misses the Net.
11:36 of 2nd period - Puck is out of play.
11:37 of 2nd period - Boyd Devereaux wins face-off versus Peter Regin in Kings zone.
12:07 of 2nd period - Wrist shot by Evgeni Malkin.
12:07 of 2nd period - Shot Misses the Net.
12:09 of 2nd period - Snap shot by Marian Hossa.
12:09 of 2nd period - Shot Misses the Net.
12:47 of 2nd period - Snap shot by Patric Hornqvist.
12:47 of 2nd period - Shot Blocked by Lasse Kukkonen.
12:49 of 2nd period - Slapshot by Johnny Oduya.
12:49 of 2nd period - Stopped by Niklas Backstrom without a rebound.
12:50 of 2nd period - Evgeni Malkin wins face-off versus Boyd Devereaux in Capitals zone.
13:03 of 2nd period - Slapshot by Evgeni Malkin.
13:03 of 2nd period - Goal by Evgeni Malkin - Kings : 2 - Capitals : 2.
13:04 of 2nd period - Anze Kopitar wins face-off versus Evgeni Malkin in neutral zone.
13:06 of 2nd period - Off-side.
13:07 of 2nd period - Evgeni Malkin wins face-off versus Anze Kopitar in neutral zone.
13:10 of 2nd period - Anze Kopitar is hit by Marian Hossa and loses puck.
14:21 of 2nd period - Wrist shot by Marian Hossa.
14:21 of 2nd period - Shot Misses the Net.
14:23 of 2nd period - Slapshot by Zach Parise.
14:23 of 2nd period - Deflect By Evgeni Malkin.
14:23 of 2nd period - Stopped by Michal Neuvirth without a rebound.
14:24 of 2nd period - Evgeni Malkin wins face-off versus Anze Kopitar in Kings zone.
14:31 of 2nd period - Wrist shot by Marian Hossa.
14:31 of 2nd period - Stopped by Michal Neuvirth with a rebound.
15:06 of 2nd period - Minor Penalty to Anze Kopitar for Holding.
15:07 of 2nd period - Brooks Laich wins face-off versus Boyd Devereaux in Kings zone.
15:11 of 2nd period - Slapshot by Brooks Laich.
15:11 of 2nd period - Stopped by Michal Neuvirth without a rebound.
15:12 of 2nd period - Brooks Laich wins face-off versus Boyd Devereaux in Kings zone.
15:37 of 2nd period - Boyd Devereaux is hit by Anton Volchenkov and loses puck.
16:38 of 2nd period - Lasse Kukkonen is hit by Ladislav Smid and loses puck.
17:06 of 2nd period - Penalty to Anze Kopitar is over, Anze Kopitar is back on ice.
17:25 of 2nd period - Mike Cammalleri is hit by Bryce Salvador and loses puck.
17:48 of 2nd period - Backhand shot by Thomas Vanek.
17:48 of 2nd period - Shot Hit the Post.
17:50 of 2nd period - Snap shot by Peter Regin.
17:50 of 2nd period - Goal by Peter Regin - Kings : 2 - Capitals : 3.
17:51 of 2nd period - Evgeni Malkin wins face-off versus Anze Kopitar in neutral zone.
17:53 of 2nd period - Off-side.
17:54 of 2nd period - Anze Kopitar wins face-off versus Evgeni Malkin in neutral zone.
18:16 of 2nd period - Minor Penalty to Marian Hossa for Slashing.
18:17 of 2nd period - Nicklas Backstrom wins face-off versus Anze Kopitar in Capitals zone.
Goals for this period are 0 for Kings vs 2 for Capitals.
Shots for this period are 5 for Kings vs 15 for Capitals.
3rd period
0:01 of 3rd period - Mike Cammalleri wins face-off versus Nicklas Backstrom in neutral zone.
0:16 of 3rd period - Penalty to Marian Hossa is over, Marian Hossa is back on ice.
0:26 of 3rd period - Sergei Gonchar is hit by Brooks Laich and loses puck.
0:35 of 3rd period - Snap shot by Boyd Devereaux.
0:35 of 3rd period - Stopped by Niklas Backstrom without a rebound.
0:36 of 3rd period - Evgeni Malkin wins face-off versus Anze Kopitar in Capitals zone.
0:38 of 3rd period - Minor Penalty to Bryce Salvador for Tripping.
0:39 of 3rd period - Anze Kopitar wins face-off versus Marian Hossa in Capitals zone.
2:38 of 3rd period - Penalty to Bryce Salvador is over, Bryce Salvador is back on ice.
2:48 of 3rd period - Pascal Dupuis is hit by Peter Regin and loses puck.
3:09 of 3rd period - Off-side.
3:10 of 3rd period - Boyd Devereaux wins face-off versus Brooks Laich in neutral zone.
3:26 of 3rd period - Bryce Salvador is hit by Sergei Gonchar and loses puck.
3:39 of 3rd period - Keith Tkachuk is hit by Bobby Ryan and loses puck.
4:21 of 3rd period - Boyd Devereaux is hit by Steve Sullivan and loses puck.
4:55 of 3rd period - Slapshot by Keith Tkachuk.
4:55 of 3rd period - Shot Misses the Net.
4:57 of 3rd period - Snap shot by Johnny Oduya.
4:57 of 3rd period - Shot Misses the Net.
4:59 of 3rd period - Slapshot by Johnny Oduya.
4:59 of 3rd period - Deflect By Matt Pettinger.
4:59 of 3rd period - Shot Misses the Net.
4:59 of 3rd period - Puck is out of play.
5:00 of 3rd period - Anze Kopitar wins face-off versus Evgeni Malkin in Capitals zone.
5:31 of 3rd period - Snap shot by Chris Kunitz.
5:31 of 3rd period - Shot Blocked by Sean Zimmerman.
5:33 of 3rd period - Slapshot by Jay Harrison.
5:33 of 3rd period - Shot Misses the Net.
5:35 of 3rd period - Slapshot by Ryan Suter.
5:35 of 3rd period - Stopped by Michal Neuvirth with a rebound.
5:37 of 3rd period - Wrist shot by Chris Kunitz.
5:37 of 3rd period - Deflect By Adam Hall.
5:37 of 3rd period - Shot Blocked by Sean Zimmerman.
5:37 of 3rd period - Puck is out of play.
5:38 of 3rd period - Evgeni Malkin wins face-off versus Randy Robitaille in Kings zone.
6:09 of 3rd period - Adam Hall is hit by Johnny Oduya and loses puck.
7:06 of 3rd period - Jeff Tambellini is hit by Chris Kunitz and loses puck.
7:51 of 3rd period - Icing by Peter Regin.
7:52 of 3rd period - Peter Regin wins face-off versus Anze Kopitar in Capitals zone.
8:39 of 3rd period - Off-side.
8:40 of 3rd period - Peter Regin wins face-off versus Randy Robitaille in neutral zone.
8:49 of 3rd period - Snap shot by Thomas Vanek.
8:49 of 3rd period - Stopped by Michal Neuvirth with a rebound.
8:51 of 3rd period - Wrist shot by Ales Hemsky.
8:51 of 3rd period - Stopped by Michal Neuvirth with a rebound.
8:53 of 3rd period - Slapshot by Lasse Kukkonen.
8:53 of 3rd period - Stopped by Michal Neuvirth with a rebound.
8:55 of 3rd period - Slapshot by Anton Volchenkov.
8:55 of 3rd period - Stopped by Michal Neuvirth without a rebound.
8:56 of 3rd period - Anze Kopitar wins face-off versus Evgeni Malkin in Kings zone.
9:03 of 3rd period - Icing by Marian Hossa.
9:04 of 3rd period - Evgeni Malkin wins face-off versus Anze Kopitar in Capitals zone.
9:04 of 3rd period - Evgeni Malkin is hit by Patrick Kane.
9:22 of 3rd period - Slapshot by Marian Hossa.
9:22 of 3rd period - Shot Misses the Net.
9:26 of 3rd period - Slapshot by Evgeni Malkin.
9:26 of 3rd period - Stopped by Michal Neuvirth with a rebound.
9:28 of 3rd period - Slapshot by Lasse Kukkonen.
9:28 of 3rd period - Deflect By Evgeni Malkin.
9:28 of 3rd period - Goal by Evgeni Malkin - Kings : 2 - Capitals : 4.
9:29 of 3rd period - Evgeni Malkin wins face-off versus Anze Kopitar in neutral zone.
9:50 of 3rd period - Minor Penalty to Anton Volchenkov for High sticking.
9:51 of 3rd period - Anze Kopitar wins face-off versus Marian Hossa in Capitals zone.
11:50 of 3rd period - Penalty to Anton Volchenkov is over, Anton Volchenkov is back on ice.
12:12 of 3rd period - Ryan Suter is hit by Randy Robitaille.
12:27 of 3rd period - Johnny Oduya is hit by Peter Regin and loses puck.
12:40 of 3rd period - Lasse Kukkonen is hit by Pascal Dupuis and loses puck.
12:59 of 3rd period - Wrist shot by Evgeni Malkin.
12:59 of 3rd period - Shot Blocked by Johnny Oduya.
13:15 of 3rd period - Anton Volchenkov is hit by Keith Tkachuk and loses puck.
13:32 of 3rd period - Sergei Gonchar is hit by Thomas Vanek and loses puck.
13:49 of 3rd period - Mike Cammalleri is hit by Lasse Kukkonen and loses puck.
14:26 of 3rd period - Sean Zimmerman is hit by Thomas Vanek and loses puck.
14:39 of 3rd period - Sean Zimmerman is hit by Brooks Laich and loses puck.
14:48 of 3rd period - Wrist shot by Steve Sullivan.
14:48 of 3rd period - Shot Misses the Net.
14:50 of 3rd period - Snap shot by Steve Sullivan.
14:50 of 3rd period - Deflect By Bobby Ryan.
14:50 of 3rd period - Shot Blocked by Sean Zimmerman.
14:50 of 3rd period - Puck is out of play.
14:51 of 3rd period - Evgeni Malkin wins face-off versus Antti Miettinen in Kings zone.
14:58 of 3rd period - Slapshot by Marian Hossa.
14:58 of 3rd period - Stopped by Michal Neuvirth without a rebound.
14:59 of 3rd period - Mike Cammalleri wins face-off versus Evgeni Malkin in Kings zone.
15:10 of 3rd period - Wrist shot by Antti Miettinen.
15:10 of 3rd period - Stopped by Niklas Backstrom with a rebound.
17:23 of 3rd period - Minor Penalty to Zach Parise for High sticking.
17:24 of 3rd period - Marian Hossa wins face-off versus Anze Kopitar in Capitals zone.
17:37 of 3rd period - Slapshot by Patrick Kane.
17:37 of 3rd period - Goal by Patrick Kane - Kings : 3 - Capitals : 4.
17:38 of 3rd period - Mike Cammalleri wins face-off versus Peter Regin in neutral zone.
17:47 of 3rd period - Wrist shot by Mike Cammalleri.
17:47 of 3rd period - Stopped by Niklas Backstrom without a rebound.
17:48 of 3rd period - Peter Regin wins face-off versus Mike Cammalleri in Capitals zone.
18:10 of 3rd period - Minor Penalty to Matt Pettinger for Slashing.
18:11 of 3rd period - Evgeni Malkin wins face-off versus Boyd Devereaux in Kings zone.
19:19 of 3rd period - Slapshot by Sean Zimmerman.
19:19 of 3rd period - Stopped by Niklas Backstrom with a rebound.
Goals for this period are 1 for Kings vs 1 for Capitals.
Shots for this period are 5 for Kings vs 8 for Capitals.
Output by the SimonT Hockey Simulator (STHS) for François Prévost -- Original Page W3C XHTML 1.0 Valid